 Dungeon Crawl Stone Soup version 0.26-a0-682-g294304f6e8 (webtiles) character file.

Game seed: 661838697300497205

51 Aramant the Poker (level 3, -1/28 HPs)
             Began as a Merfolk Gladiator on Oct 21, 2020.
             Slain by an orc priest
             ... wielding a +0 hand axe
              (8 damage)
             ... on level 3 of the Dungeon.
             The game lasted 00:02:47 (533 turns).

Aramant the Poker (Merfolk Gladiator)                Turns: 533, Time: 00:02:48

Health: -1/28      AC:  4    Str: 14    XL:     3   Next: 81%
Magic:  3/3        EV: 14    Int:  7    God:
Gold:   51         SH:  0    Dex: 16    Spells: 2/2 levels left

rFire    . . .     SeeInvis .   a - +0 trident
rCold    . . .     Faith    .   (no shield)
rNeg     . . .     Spirit   .   b - +0 leather armour
rPois    .         Reflect  .   c - +0 helmet
rElec    .         Harm     .   (no cloak)
rCorr    .         Rampage  .   (no gloves)
MR       .....                  (no boots)
Stlth    +.........             (no amulet)
HPRegen  0.09/turn              (no ring)
MPRegen  0.08/turn              (no ring)

@: no status effects
A: change form in water, swift swim, stealthy swim
a: no special abilities


You were on level 3 of the Dungeon.
You visited 1 branch of the dungeon, and saw 3 of its levels.

You collected 51 gold pieces.

Inventory:

Hand Weapons
 a - a +0 trident (weapon)
Missiles
 d - 3 throwing nets (quivered)
Armour
 b - a +0 leather armour (worn)
 c - a +0 helmet (worn)
Scrolls
 i - 2 scrolls of fear {unknown}
 j - a scroll of identify {unknown}
 k - a scroll of enchant weapon {unknown}
 l - a scroll of fog {unknown}
 m - a scroll of blinking {unknown}
Potions
 e - a potion of flight {unknown}
 f - a potion of resistance {unknown}
 h - a potion of haste {unknown}


   Skills:
 + Level 2.7 Fighting
 + Level 5.6 Polearms
 + Level 2.1 Throwing
 + Level 4.7 Dodging
 + Level 0.1 Stealth


You had 2 spell levels left.
You didn't know any spells.
Your spell library was empty.

Dungeon Overview and Level Annotations

Branches:
Dungeon (3/15)

Altars:


Message History

You hit the orc priest.
The orc priest is moderately wounded.
You hear an angry hiss.
You hear a shout!
You hear a bark!
A hound comes into view.
The orc wizard gestures wildly while chanting.
The orc wizard flickers and vanishes!
Deactivating autopickup; reactivate with Ctrl-A.
The orc priest hits you with a +0 hand axe.
The orc closely misses you.
A gnoll comes into view.
Unknown command.
You hit the orc priest.
The orc priest is severely wounded.
The orc priest hits you with a +0 hand axe.
The orc hits you with a +0 whip.
* * * LOW HITPOINT WARNING * * *
As you read the scroll labeled ETINUSEBEA, it crumbles to dust.
You feel blessed for a moment.
It was a scroll of remove curse.
The orc priest hits you with a +0 hand axe!
You die...

.. ...... .###...gg.........
.........(.......
#............... #....g.........
.#####...o.........#
.......h...........#
......)o####.......#####
#......@o...............
.........#.......†.......#......<
.........#...............#.......
........##............)#.........
......................#......###
###.............(.............'..
.......................##.....#..
.........#.............##.....#..
.......................##.....#..


You could see a hound, an orc priest, 3 gnolls and 2 orcs.

Vanquished Creatures
  A bullfrog skeleton (D:2)
  A worm (D:2)
  2 orcs (D:3)
  3 bats (D:3)
  3 hobgoblins
  A ball python (D:3)
  A kobold (D:2)
  7 rats
19 creatures vanquished.

Vanquished Creatures (others)
  2 plants (D:3)
2 creatures vanquished.

Grand Total: 21 creatures vanquished

Notes
Turn   | Place    | Note
-------+----------+-------------------------------------------
     0 | D:1      | Aramant the Merfolk Gladiator began the quest for the Orb.
     0 | D:1      | Reached XP level 1. HP: 16/16 MP: 1/1
   117 | D:2      | Reached XP level 2. HP: 23/23 MP: 2/2
   174 | D:2      | Reached skill level 5 in Polearms
   174 | D:2      | Reached XP level 3. HP: 10/28 MP: 3/3
   533 | D:3      | Slain by an orc priest

Illustrated notes

Levels and vault maps discovered:
D:1:      dpeg_arrival_ratfight, layout_basic, minmay_misc_feat_room
D:2:      layout_rooms, elyvilon_altar_1, minmay_between
D:3:      cheibrodos_old_hovel, layout_basic, lemuel_coloured_pillars_altar

Skill      XL: |  1  2 |
---------------+-------+-----
Polearms       | 5 |  5.6
Fighting       | |  2.7
Throwing       | |  2.1
Dodging        | |  4.7
Stealth        | |  0.1

Action                   || total
-------------------------++-------
Melee: Trident           ||    49
  Use: Scroll            ||     1
 Stab: Sleeping          ||     1
Armor: Leather armour    ||    10
Dodge: Dodged            ||    32

Table legend: (Time is in decaauts)
 A = Elapsed time spent in this place.
 B = Non-inter-level travel time spent in this place.
 C = Inter-level travel time spent in this place.
 D = Time resting spent in this place.
 E = Time spent auto-exploring this place.
 F = Levels seen in this place.
 G = Mean time per level.
                   A        B        C        D        E       F      G
               +--------+--------+--------+--------+--------+-----+--------+
         Total |    535 |    532 |      3 |    193 |    141 |   3 |  178.3 |
       Dungeon |    535 |    532 |      3 |    193 |    141 |   3 |  178.3 |
               +--------+--------+--------+--------+--------+-----+--------+

Top non-repeatable levels by time:
     D:2: 319 daAuts
     D:3: 116 daAuts
     D:1: 99 daAuts
